 Seeded DCSS version 0.29-a0-371-g91724d5 (webtiles) character file.

Game seed: 815347129118900941 (custom seed)

5159 brinewave the Charlatan (level 10, -28/79 HPs)
             Began as a Human Artificer on May 2, 2022.
             Was a Believer of Trog.
             Annihilated by a boulder beetle (44 damage)
             ... on level 7 of the Dungeon.
             The game lasted 00:41:17 (9914 turns).

brinewave the Charlatan (Human Artificer)           Turns: 9914, Time: 00:41:17

Health: -28/79     AC: 16    Str: 16    XL:     10   Next: 89%
Magic:  10/10      EV:  7    Int: 12    God:    Trog [**....]
Gold:   365        SH:  0    Dex: 14    Spells: 9/9 levels left

rFire   . . .      SeeInvis .   a - +7 dire flail (protect)
rCold   . . .      Faith    .   (shield currently unavailable)
rNeg    . . .      Spirit   .   L - +2 chain mail {rPois}
rPois   +          Reflect  .   D - +0 helmet
rElec   .          Harm     .   Q - +1 cloak {Will+}
rCorr   .          Rampage  .   (no gloves)
Will    +....                   (no boots)
Stlth   ..........              (no amulet)
HPRegen 0.23/turn               G - ring of poison resistance
MPRegen 0.12/turn               (no ring)

@: on berserk cooldown, slowed, very slow
A: no striking features
a: Renounce Religion, Berserk, Trog's Hand


You were on level 7 of the Dungeon.
You worshipped Trog.
Trog was pleased with you.
You visited 2 branches of the dungeon, and saw 8 of its levels.
You also visited: Bailey.

You collected 515 gold pieces.
You spent 150 gold pieces at shops.

Inventory:

Hand Weapons
 a - a +7 dire flail of protection (weapon)
 b - a +1 hand crossbow
 i - a +3 dagger of venom
 j - a +0 short sword of holy wrath
 r - a +2 dagger of protection
 s - a +1 dagger of electrocution
 x - a +0 short sword of speed
 B - a +0 hunting sling
 F - a +0 shortbow
 H - the +6 war axe "Addoloh" {venom, rElec rF- Str+4}
   (You found it on level 5 of the Dungeon)

   It poisons the flesh of those it strikes.
   Str:       It affects your strength (+4).
   rF:        It makes you vulnerable to fire.
   rElec:     It insulates you from electricity.
Missiles
 l - 241 stones
 q - a curare-tipped dart
Armour
 D - a +0 helmet (worn)
 L - a +2 chain mail of poison resistance (worn)
 N - the +4 robe of Shrieking Happiness {rC+}
   (You found it on level 7 of the Dungeon)

   rC:        It protects you from cold.
 O - a +4 chain mail
 P - a +0 crystal plate armour
 Q - a +1 cloak of willpower (worn)
Jewellery
 y - an amulet of faith
 A - a +6 ring of intelligence
 G - a ring of poison resistance (left hand)
Wands
 c - a wand of flame (27) (quivered)
 d - a wand of charming (18)
 e - a wand of iceblast (4)
 f - a wand of digging (3)
Scrolls
 g - a scroll of brand weapon {unknown}
 h - a scroll of blinking
 n - a scroll of noise {unknown}
 t - 3 scrolls of fear
 u - a scroll of immolation {unknown}
 z - 2 scrolls of fog
 E - a scroll of holy word {unknown}
 I - a scroll of vulnerability {unknown}
 J - 3 scrolls of magic mapping {unknown}
 K - a scroll of summoning {unknown}
 S - a scroll of amnesia {unknown}
Potions
 k - 5 potions of haste
 m - a potion of heal wounds {unknown}
 o - 2 potions of mutation
 p - a potion of degeneration {unknown}
 v - 2 potions of flight {unknown}
 w - 3 potions of curing
 C - 4 potions of magic
 M - 2 potions of experience {unknown}
Miscellaneous
 R - a tin of tremorstones (2/2)


   Skills:
 + Level 7.2 Fighting
 - Level 2.3 Short Blades
 + Level 6.2 Maces & Flails
 + Level 5.7 Crossbows
 + Level 7.4 Armour
 - Level 1.0 Dodging
 - Level 1.0 Stealth
 + Level 7.8 Evocations


You had 9 spell levels left.
You didn't know any spells.
Your spell library contained the following spells:

 Spells                   Type           Power      Damage    Failure   Level
 Sting                    Tmut/Pois      0%         1d3       99%         1
 Poisonous Vapours        Pois/Air       0%         N/A       100%        2
 Olgreb's Toxic Radiance  Pois           0%         N/A       100%        4
 Iskenderun's Battlesphe  Conj           0%         2d6       100%        5
 Iron Shot                Conj/Erth      0%         9d1       100%        6
 Spellforged Servitor     Conj/Summ      0%         N/A       100%        7


Dungeon Overview and Level Annotations

Branches:
Dungeon (7/15)             Temple (1/1) D:4          Bailey (visited)

Altars:
Ashenzari
Cheibriados
Dithmenos
Elyvilon
Fedhas
Gozag
Hepliaklqana
Kikubaaqudgha
Makhleb
Nemelex Xobeh
Okawaru
Qazlal
Ru
Sif Muna
Trog
Uskayaw
Vehumet
Wu Jian
Xom
Yredelemnul
Zin
The Shining One

Shops:
D:7 *


Message History

The shadow is moderately damaged.
The shadow hits you!
You puncture the shadow!
The shadow is severely damaged.
The iron imp disappears in a puff of smoke!
The shadow hits you.
The boulder beetle curls into a ball and begins rolling!
The shadow slips into darkness.
The shadow flickers and vanishes!
Deactivating autopickup; reactivate with Ctrl-A.
You closely miss something.
The kobold demonologist looks satisfied for a moment.
The shadow strikes at you from the darkness!
Reactivating autopickup.
You're still recovering from your berserk rage.
You hit the boulder beetle but do no damage.
The boulder beetle is almost dead.
The boulder beetle closely misses you.
The boulder beetle stops rolling and uncurls.
The shadow hits you.
You hit the boulder beetle but do no damage.
The boulder beetle is almost dead.
The boulder beetle leaps!
The shadow hits you. The shadow hits you!
The kobold demonologist mumbles some strange words.
A gnoll sergeant comes into view. It is wielding a +0 long sword.
The gnoll sergeant shouts!
You hear a shout!
The sixfirhy barely misses you.
An orc comes into view. It is wielding a +0 mace.
The shadow hits you.
The boulder beetle curls into a ball and begins rolling!
The shadow hits you.
The sixfirhy hits you but does no damage.
The sixfirhy hits you. The sixfirhy shocks you! The sixfirhy hits you.
The sixfirhy shocks you!
* * * LOW HITPOINT WARNING * * *
The shadow barely misses you.
The kobold demonologist mumbles some strange words.
The boulder beetle hits you!!!
Ouch! That really hurt!
You die...

..# #..# #..##
#..#...#..# ..# ..# #.##
#.#.###.#.# ..# .. #.#
##....#..## ..#.#
###.### ####B# ## ....#
##....3## #9#
.#..#.##.......## #)#
.#....#...#.#.K.# #9#'
......#..##.##.B####.).#
.##...+....#...W@g.o.⌠..
.# ..#..##.##.3####...#
.##...#...#.#...# '
......##^......## ###...
##.....## ...... ###[###
##### ###<. #)# #...
#.## #..#### #..##
#.##..##


You could see a boulder beetle (rolling), a soul eater (summoned), a kobold
demonologist, a sixfirhy (summoned), a gnoll sergeant, a shadow and an orc.

Vanquished Creatures
  A two-headed ogre (D:7)
  A gargoyle (D:7)
  A troll (D:7)
  Grinder (D:5)
  A steam dragon (D:7)
  Edmund (D:4)
  3 ice beasts
  6 orc warriors
  4 ogres
  A centaur (D:6)
  A kobold brigand (D:7)
  7 scorpions
  3 necrophages
  4 wights
  3 hounds
  2 jellies
  2 gnoll shamans (D:5)
  8 orc priests
  5 orc wizards
  5 iguanas
  3 gnolls (D:5)
  11 adders
  3 shadow imps (D:4)
  An ufetubus (D:5)
  4 worms
  A dart slug (D:3)
  27 orcs
  15 ball pythons
  4 endoplasms
  5 giant cockroaches
  14 goblins
  6 hobgoblins
  16 jackals
  15 kobolds
  4 quokkas
  10 bats
  2 frilled lizards
  6 rats
207 creatures vanquished.

Vanquished Creatures (collateral kills)
  A manticore (D:7)
  3 orcs (Bailey)
  A rat (D:1)
5 creatures vanquished.

Vanquished Creatures (others)
  A gargoyle (D:7)
  An orc warrior (Bailey)
  3 fungi (D:2)
5 creatures vanquished.

Grand Total: 217 creatures vanquished

Notes
Turn   | Place    | Note
-------+----------+-------------------------------------------
     0 | D:1      | brinewave the Human Artificer began the quest for the Orb.
     0 | D:1      | Reached XP level 1. HP: 15/15 MP: 1/1
   238 | D:1      | Reached XP level 2. HP: 15/21 MP: 2/2
   672 | D:1      | Reached XP level 3. HP: 24/26 MP: 3/3
  1396 | D:1      | Found a faded altar of an unknown god.
  1746 | D:1      | HP: 1/27 [poisoned by a goblin]
  1983 | D:2      | Reached XP level 4. HP: 22/33 MP: 4/4
  2607 | D:2      | Reached XP level 5. HP: 33/39 MP: 5/5
  3440 | D:3      | Reached skill level 1 in Short Blades
  3440 | D:3      | Reached XP level 6. HP: 45/47 MP: 6/6
  3749 | D:4      | Noticed Edmund
  3954 | D:4      | Killed Edmund
  3955 | D:4      | Reached XP level 7. HP: 13/53 MP: 7/7
  4250 | D:4      | Reached skill level 1 in Maces & Flails
  4296 | D:4      | Found a staircase to the Ecumenical Temple.
  4305 | D:4      | Found a transporter.
  4329 | Temple   | Entered the Ecumenical Temple
  4611 | Temple   | Became a worshipper of Trog the Wrathful
  4713 | D:4      | Found a transporter.
  4738 | D:4      | Reached skill level 5 in Evocations
  5326 | D:3      | Reached XP level 8. HP: 29/60 MP: 8/8
  5670 | D:5      | Entered Level 5 of the Dungeon
  5813 | D:5      | Reached skill level 1 in Crossbows
  6462 | D:5      | Reached skill level 5 in Armour
  6584 | D:5      | Found a shimmering altar of Xom.
  6671 | D:5      | Identified the +6 war axe "Addoloh" {venom, rElec rF-
                  | Str+4}
  6902 | D:5      | Noticed Grinder
  6906 | D:5      | Killed Grinder
  6907 | D:5      | Reached skill level 5 in Fighting
  6946 | D:5      | Reached XP level 9. HP: 67/68 MP: 9/9
  7473 | D:6      | Reached * piety under Trog
  8391 | D:7      | Identified the +4 robe of Shrieking Happiness {rC+}
  8408 | D:7      | Found Besumir's Assorted Antiques.
  8418 | D:7      | Bought a shiny chain mail for 150 gold pieces
  8466 | D:7      | Reached ** piety under Trog
  8535 | D:7      | Reached skill level 5 in Maces & Flails
  8535 | D:7      | Reached XP level 10. HP: 72/76 MP: 10/10
  8558 | D:7      | Found a flagged portal.
  8599 | Bailey   | Entered a bailey
  9669 | D:7      | Reached skill level 5 in Crossbows
  9864 | D:7      | Noticed a gargoyle
  9864 | D:7      | Noticed a two-headed ogre
  9867 | D:7      | Killed a gargoyle
  9867 | D:7      | Noticed a boulder beetle
  9868 | D:7      | Killed a two-headed ogre
  9868 | D:7      | Noticed a kobold demonologist
  9870 | D:7      | Noticed a manticore
  9870 | D:7      | Noticed a gargoyle
  9902 | D:7      | Killed a manticore
  9912 | D:7      | Noticed a sixfirhy
  9914 | D:7      | Annihilated by a boulder beetle

Illustrated notes

Levels and vault maps discovered:
D:1:      dpeg_arrival_concentric_ovals, layout_basic,
          chequers_ecumenical_altar_simple_redux
D:2:      layout_rooms, minmay_shallow_snake_nest
D:3:      layout_rooms, chequers_serial_rivers_marsh, minivault_14
D:4:      gammafunk_wand_slinger, layout_rooms,
          minmay_temple_entry_statues_fountains, uniq_edmund
D:5:      wad_river_or_something, layout_basic, xom_butterflies, uniq_grinder
D:6:      layout_rooms, abandoned_shop, kennysheep_generic_room_2
D:7:      minmay_the_grid_plus_closed [minmay_the_grid_plusring,
          minmay_the_grid_spin_star, minmay_the_grid_aliased_spiral,
          minmay_the_grid_medium_cups, minmay_the_grid_prize_four_corners],
          layout_rooms, enter_bailey_5, serial_shops, kennysheep_mini_moat
Temple:   nicolae_temple_the_god_donut

Skill      XL: |  1  2  3  4  5  6  7  8  9 10 |
---------------+-------------------------------+-----
Fighting       | 2 3 4 5 6 7 |  7.2
Armour         | 3 4 5 6 7 |  7.4
Evocations     | 4 5 6 7 |  7.8
Short Blades   | 1 2 |  2.3
Maces & Flails | 2 3 5 6 |  6.2
Crossbows      | 2 4 5 |  5.7
Dodging        | |  1.0
Stealth        | |  1.0

Action                   |  1- 3 |  4- 6 |  7- 9 | 10-12 || total
-------------------------+-------+-------+-------+-------++-------
Melee: Dagger            |    29 |   181 |       |       ||   210
       Club              |     5 |       |       |       ||     5
       Short sword       |   119 |       |       |       ||   119
       Punch             |     1 |     2 |       |       ||     3
       Dire flail        |       |       |   253 |    95 ||   348
 Fire: Hand crossbow     |       |       |    31 |       ||    31
Invok: Berserk           |       |       |     1 |     4 ||     5
Evoke: Wand              |     2 |     4 |    16 |    11 ||    33
  Use: Scroll            |     2 |     2 |     6 |       ||    10
       Potion            |     2 |       |       |       ||     2
Armor: Leather armour    |    53 |       |       |       ||    53
       Chain mail        |    54 |   100 |   180 |    65 ||   399
Dodge: Dodged            |   144 |    62 |    82 |    39 ||   327

Table legend: (Time is in decaauts)
 A = Elapsed time spent in this place.
 B = Non-inter-level travel time spent in this place.
 C = Inter-level travel time spent in this place.
 D = Time resting spent in this place.
 E = Time spent auto-exploring this place.
 F = Levels seen in this place.
 G = Mean time per level.
                   A        B        C        D        E       F      G
               +--------+--------+--------+--------+--------+-----+--------+
         Total |  10050 |   9855 |    195 |   3996 |   3263 |   9 | 1116.7 |
       Dungeon |   8797 |   8653 |    144 |   3506 |   2946 |   7 | 1256.7 |
        Temple |    307 |    256 |     51 |      0 |    238 |   1 |  307.0 |
        Bailey |    944 |    944 |      0 |    490 |     79 |   1 |  944.0 |
               +--------+--------+--------+--------+--------+-----+--------+

Top non-repeatable levels by time:
     D:1: 1975 daAuts
     D:5: 1813 daAuts
     D:4: 1313 daAuts
     D:2: 1247 daAuts
  Bailey: 944 daAuts
     D:6: 942 daAuts
     D:3: 874 daAuts
     D:7: 629 daAuts
  Temple: 307 daAuts
